 Dungeon Sprint DCSS version 0.23-a0-136-g722f094 (webtiles) character file.

182 Kidiri the Thaumaturge (level 5, -3/28 HPs)
             Began as a Deep Elf Fire Elementalist on Aug 28, 2018.
             Slain by a sixfirhy (12 damage)
             ... summoned by a kobold demonologist
             ... in the Dungeon (Sprint III: "The Ten Rune Challenge").
             The game lasted 00:02:31 (515 turns).

Kidiri the Thaumaturge (Deep Elf Fire Elementalist)  Turns: 515, Time: 00:02:32

Health: -3/28      AC:  2    Str:  5    XL:     5   Next: 35%
Magic:  11/19      EV: 13    Int: 21    God:
Gold:   12         SH:  0    Dex: 15    Spells: 6/24 levels left

rFire    . . .     SeeInvis .   j - +1 dagger (venom)
rCold    . . .     Gourm    .   (no shield)
rNeg     . . .     Faith    .   a - +0 robe
rPois    .         Spirit   .   (helmet restricted)
rElec    .         Reflect  .   (no cloak)
rCorr    .         Harm     .   (no gloves)
MR       .....     NoTele   +   (no boots)
Stlth    ++........             (no amulet)
HPRegen  0.00/turn              (no ring)
MPRegen  0.16/turn              (no ring)

@: no status effects
A: horns 1, inhibited regeneration, no potion heal 1
a: no special abilities


You were in the Dungeon.
You were not hungry.

You visited 1 branch You collected 12 gold pieces.

Inventory:

Hand Weapons
 j - a +1 dagger of venom (weapon)
Armour
 a - a +0 robe (worn)
Scrolls
 i - 2 scrolls of blinking
 k - 5 scrolls of identify
 m - a scroll of immolation {unknown}
 n - 3 scrolls of remove curse
 q - a scroll of holy word {unknown}
Potions
 d - 2 potions of curing
 e - a potion of heal wounds
 f - a potion of haste
 g - 2 potions of magic
 h - a potion of berserk rage
 o - a potion of agility {unknown}
 p - 3 potions of flight
Comestibles
 c - 3 rations


   Skills:
 + Level 0.7 Fighting
 + Level 1.1 Short Blades
 + Level 0.7 Armour
 + Level 2.8 Dodging
 - Level 2.4 Stealth
 * Level 10.3 Spellcasting
 + Level 5.8 Conjurations
 + Level 6.7 Fire Magic


You had 6 spell levels left.
You knew the following spells:

 Your Spells              Type           Power        Failure   Level  Hunger
a - Flame Tongue          Conj/Fire      #####        1%          1    None
b - Throw Flame           Conj/Fire      #####.       1%          2    None
c - Conjure Flame         Conj/Fire      #####...     1%          3    None
d - Inner Flame           Hex/Fire       ###.....     4%          3    None
e - Sticky Flame          Conj/Fire      #####...     4%          4    ##.....
f - Fireball              Conj/Fire      #####.....   13%         5    ####...

Your spell library contained the following spells:

 Spells                   Type           Power        Failure   Level  Hunger


Dungeon Overview and Level Annotations

Branches:
Dungeon (1/1)

Altars:
Kikubaaqudgha
Sif Muna
Vehumet


Innate Abilities, Weirdness & Mutations

You have a pair of small horns on your head.
You do not regenerate when monsters are visible.
Potions are less effective at restoring your health.


Message History

The wizard hits you but does no damage.
The wizard burns!
You kill the wizard!
Your Short Blades skill increases to level 1!
The kobold demonologist begins to cast a cantrip, but forgets the words!
Unknown command.
The kobold demonologist mumbles some strange words.
Items here: ) : [ † a dagger; a robe; a book of Misfortune; a human corpse
Casting: Sticky Flame (safe; 4% risk of failure)
Confirm with . or Enter, or press ? or * to list all spells.
Aiming: Sticky Flame (safe; 4% risk of failure)
Press: ? - help, Shift-Dir - straight line, f - kobold demonologist
Aim: a kobold demonologist, wielding a dagger and wearing a robe The sticky flame hits the kobold demonologist.
The kobold demonologist is moderately wounded.
The kobold demonologist is covered in liquid flames!
The kobold demonologist burns!
The sixfirhy hits you. The sixfirhy shocks you! The sixfirhy hits you.
The sixfirhy shocks you!
You die...

#.......#..#..#
##.##...#..#..###+#+###+
##.###..##+#..#.........
###.##..###...'.⌠.......
#..##..####...#...######
...##..###....#.⌠.#
..##÷..##.....#...#
.##....#......#'###
###..##.#..†..#.@K# #
#..#####....#3_4# ▓ ▓▓▓▓
▓▓▓▓▓▓▓▓▓▓


You could see an ice devil, a kobold demonologist (burning) and a sixfirhy.

Vanquished Creatures
  A water elemental (D)
  A scorpion (D)
  A wizard (D)
  Jessica (D)
  A human (D)
  An ooze (D)
  2 rats (D)
8 creatures vanquished.

Vanquished Creatures (others)
  2 draconian scorchers (D)
  2 yaktaurs (D)
  6 hellions (D)
  A plant (D)
11 creatures vanquished.

Grand Total: 19 creatures vanquished

Notes
Turn   | Place    | Note
-------+----------+-------------------------------------------
     0 | D        | Kidiri the Deep Elf Fire Elementalist began the quest for
                  | the Orb.
     0 | D        | Reached XP level 1. HP: 10/10 MP: 6/6
    30 | D        | Reached skill level 4 in Spellcasting
    67 | D        | Noticed Jessica
    71 | D        | Killed Jessica
    71 | D        | Reached skill level 6 in Spellcasting
    71 | D        | Reached XP level 2. HP: 15/15 MP: 7/11
    71 | D        | Reached XP level 3. HP: 19/19 MP: 7/12
    75 | D        | Learned a level 2 spell: Throw Flame
    79 | D        | Learned a level 3 spell: Conjure Flame
    83 | D        | Learned a level 3 spell: Inner Flame
    90 | D        | Killed a yaktaur
   107 | D        | Killed a hellion
   107 | D        | Killed a hellion
   108 | D        | Killed a hellion
   130 | D        | Killed a hellion
   165 | D        | Reached skill level 7 in Spellcasting
   165 | D        | Reached skill level 5 in Fire Magic
   200 | D        | Killed a white draconian scorcher
   200 | D        | Killed a hellion
   208 | D        | Killed a white draconian scorcher
   241 | D        | Killed a hellion
   268 | D        | Noticed a scorpion
   273 | D        | Killed a scorpion
   273 | D        | Reached skill level 8 in Spellcasting
   273 | D        | Reached XP level 4. HP: 9/24 MP: 11/16
   280 | D        | Learned a level 4 spell: Sticky Flame
   303 | D        | Gained mutation: Scrolls take you a little longer to read.
                  | [potion of mutation]
   303 | D        | Gained mutation: You are resistant to hostile enchantments.
                  | (MR+) [potion of mutation]
   303 | D        | Gained mutation: Your spells are a little harder to cast,
                  | but a little more powerful. [potion of mutation]
   304 | D        | Lost mutation: Scrolls take you a little longer to read.
                  | [potion of mutation]
   304 | D        | Lost mutation: Your spells are a little harder to cast, but
                  | a little more powerful. [potion of mutation]
   304 | D        | Lost mutation: You are resistant to hostile enchantments.
                  | (MR+) [potion of mutation]
   304 | D        | Gained mutation: Potions are less effective at restoring
                  | your health. [potion of mutation]
   304 | D        | Gained mutation: You do not regenerate when monsters are
                  | visible. [potion of mutation]
   304 | D        | Gained mutation: You have a pair of small horns on your
                  | head. [potion of mutation]
   465 | D        | Noticed a water elemental
   465 | D        | Killed a yaktaur
   467 | D        | Killed a water elemental
   467 | D        | Reached skill level 10 in Spellcasting
   467 | D        | Reached skill level 5 in Conjurations
   467 | D        | Reached XP level 5. HP: 28/28 MP: 12/19
   483 | D        | Learned a level 5 spell: Fireball
   510 | D        | Found a radiant altar of Vehumet.
   511 | D        | Found a deep blue altar of Sif Muna.
   511 | D        | Found an ancient bone altar of Kikubaaqudgha.
   513 | D        | Noticed a sixfirhy
   513 | D        | Reached skill level 1 in Short Blades
   515 | D        | Noticed an ice devil
   515 | D        | Slain by a sixfirhy

Vault maps used:
D:        dungeon_sprint_mu

Skill      XL: |  1  2  3  4  5 |
---------------+----------------+-----
Spellcasting   | 6 8 10 | 10.3
Conjurations   | 3 4 5 |  5.8
Fire Magic     | 4 5 6 |  6.7
Short Blades   | 1 |  1.1
Fighting       | |  0.7
Armour         | |  0.7
Dodging        | |  2.8
Stealth        | |  2.4

Action                   |  1- 3 |  4- 6 || total
-------------------------+-------+-------++-------
Melee: Dagger            |     4 |       ||     4
 Cast: Flame Tongue      |    17 |     2 ||    19
       Throw Flame       |     1 |       ||     1
       Conjure Flame     |       |     1 ||     1
       Sticky Flame      |       |     2 ||     2
  Use: Potion            |       |     2 ||     2
Armor: Robe              |     1 |     1 ||     2
Dodge: Dodged            |     9 |       ||     9

Table legend:
 A = Non-vault XP
 B = Vault XP
 C = Vault XP percentage of total XP
 D = Non-vault monster count
 E = Vault monster count
 F = Vault count percentage of total count
                 A         B        C        D         E       F
            +---------+---------+-------+---------+---------+-------
      Total |       0 |     261 | 100.0 |       0 |       8 | 100.0
            +---------+---------+-------+---------+---------+-------
          D |       0 |     261 | 100.0 |       0 |       8 | 100.0
            +---------+---------+-------+---------+---------+-------
